Islander vs Eagles

Created - April 4, 2025 at 19:55

Goals
1 2 3 T
Islander 0 0 3 3
Eagles 3 1 0 4
Shots
1 2 3 T
Islander 3 7 14 24
Eagles 14 8 5 27

1st period

1. Eagles , Mattias Samuelsson 1 (Jack Hughes 42, Matthew Phillips 30) at 5:05 (PP)
2. Eagles , Sam Steel 22 (Matthew Phillips 31, Pius Suter 20) at 9:03
3. Eagles , Gabriel Vilardi 29 (Michael McLeod 45) at 19:47

Penalties :
Joe Labate (BRI) for Holding (Minor) at 0:22, Jaden Lindo (BRI) for Slashing (Double Minor) at 4:35, Elmer Soderblom (Col) for Cross-checking (Minor) at 14:29

2nd period

4. Eagles , Zach Aston-Reese 13 (Connor Carrick 23, Keaton Middleton 22) at 6:56

Penalties :
Oliver Kylington (BRI) for Goalie Interference (Minor) at 8:59, Chris Driedger (BRI) for Delaying the game (Minor) at 15:28 - Joe Labate served the penalty

3rd period

5. Islander , Joe Labate 34 (Ben Thomson 39) at 5:07
6. Islander , Austin Watson 29 (Slater Koekkoek 30, Oliver Kylington 59) at 6:12
7. Islander , Ben Thomson 31 (Jake Walman 20, Joe Labate 48) at 16:07 (PP)

Penalties :
Oliver Kylington (BRI) for Tripping (Minor) at 7:20, Kirill Marchenko (BRI) for Holding (Minor) at 10:32, Tyler Motte (Col) for Tripping (Minor) at 15:59

Goalie Stats

Chris Driedger (BRI), 9 saves from 9 shots - (1.000), 32:14 minutes
Kaapo Kahkonen (BRI), 14 saves from 18 shots - (0.778), L, 19-19-6, 26:56 minutes
Adin Hill (Col), 21 saves from 24 shots - (0.875), W, 25-16-5, 60:00 minutes

Players Stats for Islander

Player Name              G  A  P  +/- PIM S  H  SB GA TA FO     MP     PP MP  PK MP  
------------------------------------------------------------------------------------
Alex Steeves             0  0  0   0  0   1  0  0  0  0  1/3     7:35   0:00   0:00 
Alexander Yelesin        0  0  0  -1  0   2  2  1  0  1  0/0    21:51   0:49   5:48 
Austin Watson            1  0  1   0  0   2  0  0  0  0  1/2    15:19   1:08   0:00 
Ben Thomson              1  1  2   0  0   1  3  0  3  2  3/5    22:42   1:08   6:45 
Casey Staum              0  0  0   0  0   0  0  0  0  1  0/0    10:15   0:00   0:00 
Connor Dewar             0  0  0  -1  0   1  0  2  0  0  4/5    11:17   0:00   1:18 
Filip Zadina             0  0  0  -1  0   1  0  0  0  0  0/0    11:02   0:00   0:00 
Jaden Lindo              0  0  0   0  4   0  0  0  1  0  0/0     8:56   0:00   0:00 
Jake Walman              0  1  1  -1  0   1  0  1  0  1  0/0    20:54   0:49   4:51 
Jakub Galvas             0  0  0   0  0   3  2  1  0  0  0/0    12:13   0:00   1:42 
Joe Labate               1  1  2   0  2   1  2  1  0  0  12/27  21:08   1:08   4:48 
Kirill Marchenko         0  0  0  -1  2   1  0  0  0  0  0/0     9:36   0:00   0:00 
Noah Cates               0  0  0   0  0   2  3  0  0  0  0/0     9:54   0:00   2:03 
Oliver Kylington         0  1  1   0  4   2  2  1  1  3  0/0    26:16   1:18   4:54 
Rhett Gardner            0  0  0   0  0   1  0  0  0  0  1/3    16:25   0:59   3:36 
Ross Colton              0  0  0   0  0   2  0  0  0  0  5/6    15:24   0:59   2:42 
Slater Koekkoek          0  1  1   0  0   1  2  2  0  0  0/0    28:51   1:18   7:33 
Tyrell Goulbourne        0  0  0   0  0   2  0  1  1  0  0/2    17:53   0:59   3:36 

Players Stats for Eagles

Player Name              G  A  P  +/- PIM S  H  SB GA TA FO     MP     PP MP  PK MP  
------------------------------------------------------------------------------------
Brett Leason             0  0  0   1  0   0  0  0  0  0  0/0     8:28   0:10   0:00 
Connor Carrick           0  1  1  -1  0   0  2  1  0  0  0/0    18:21   0:19   1:15 
Elmer Soderblom          0  0  0   1  2   0  1  0  0  0  0/0     8:26   0:00   0:00 
Gabriel Vilardi          1  0  1   0  0   2  2  0  3  0  0/1    19:47   6:08   0:08 
Jack Dougherty           0  0  0   2  0   1  1  3  0  0  0/0    21:30   6:00   0:49 
Jack Hughes              0  1  1  -1  0   4  1  1  1  0  7/11   19:21   6:06   0:29 
Jonathan Racine          0  0  0   0  0   1  1  3  0  1  0/0    20:09   6:05   0:03 
Keaton Middleton         0  1  1  -1  0   1  2  0  0  3  0/0    24:02   6:00   1:15 
Kevin Bahl               0  0  0   0  0   0  0  0  0  0  0/0    14:17   0:00   0:03 
Matteson Iacopelli       0  0  0  -1  0   1  4  0  0  0  0/0    12:56   0:03   0:00 
Matthew Phillips         0  2  2   1  0   2  4  0  0  0  1/1    16:39   6:06   0:00 
Mattias Samuelsson       1  0  1   2  0   2  1  1  0  0  0/0    21:41   6:24   0:49 
Michael Carcone          0  0  0   0  0   0  1  0  1  1  2/2    19:19   6:08   0:53 
Michael McLeod           0  1  1   0  0   4  2  0  3  1  13/30  21:01   6:15   1:10 
Pius Suter               0  1  1   1  0   3  0  0  0  0  0/0    17:06   6:06   0:27 
Sam Steel                1  0  1   1  0   2  0  0  0  0  2/6    10:36   0:00   0:08 
Tyler Motte              0  0  0  -1  2   2  4  1  0  0  0/0    15:25   0:00   0:59 
Zach Aston-Reese         1  0  1   1  0   2  0  1  0  0  1/2     8:47   0:10   0:00 

3 Stars

1 - Matthew Phillips (Col)
2 - Mattias Samuelsson (Col)
3 - Ben Thomson (BRI)

Power Play

Islander - 1 on 2 Attempt(s) - 50.00%
Eagles - 1 on 7 Attempt(s) - 14.29%

Penalty Kill

Islander - 6 on 7 Attempt(s) - 85.71% - Score 0 goal in Penalty Kill
Eagles - 1 on 2 Attempt(s) - 50.00% - Score 0 goal in Penalty Kill

Team Stat

Islander - Hits : 16 - Faceoff Wins : 27 - Blocked Shots : 10 - Penalty Minutes : 14
Eagles - Hits : 26 - Faceoff Wins : 26 - Blocked Shots : 11 - Penalty Minutes : 4

Official

Referees : Jacob Brenk and Brandon Schrader
Linesman : Bevan Mills and Vaughan Rody

Game Notes

Chris Driedger enters game at 6:56 of 2nd period

Finance

Level 1 -- Attendance: 1828 (91.40%) -- Ticket Income $127,960
Level 2 -- Attendance: 1000 (100.00%) -- Ticket Income $40,000
Total Attendance: 2828 (94.27%)
Total Ticket Income: $167,960
Other Income: $8,398
Total Income: $176,358

Islander

5 vs 5 Forward 
   Center                   Left Wing                Right Wing               Time % Phy DF OF 
 1 Joe Labate               Ben Thomson              Austin Watson            40     1   2  2  
 2 Rhett Gardner            Tyrell Goulbourne        Ross Colton              30     1   2  2  
 3 Connor Dewar             Filip Zadina             Kirill Marchenko         20     1   2  2  
 4 Alex Steeves             Noah Cates               Jaden Lindo              10     1   2  2  

5 vs 5 Defense 
   Defense                  Defense                                           Time % Phy DF OF 
 1 Oliver Kylington         Slater Koekkoek                                   40     1   2  2  
 2 Jake Walman              Alexander Yelesin                                 30     1   2  2  
 3 Jakub Galvas             Casey Staum                                       20     1   2  2  
 4 Oliver Kylington         Slater Koekkoek                                   10     1   2  2  

PowerPlay Forward 
   Center                   Left Wing                Right Wing               Time % Phy DF OF 
 1 Joe Labate               Ben Thomson              Austin Watson            60     1   2  2  
 2 Rhett Gardner            Tyrell Goulbourne        Ross Colton              40     1   2  2  

PowerPlay Defense
   Defense                  Defense                                           Time % Phy DF OF 
 1 Oliver Kylington         Slater Koekkoek                                   60     1   2  2  
 2 Jake Walman              Alexander Yelesin                                 40     1   2  2  

Penalty Kill 4 Players Forward 
   Center                   Wing                     Time % Phy DF OF 
 1 Joe Labate               Ben Thomson              60     1   2  2  
 2 Rhett Gardner            Tyrell Goulbourne        40     1   2  2  

Penalty Kill 4 Players Defense
   Defense                  Defense                  Time % Phy DF OF 
 1 Oliver Kylington         Slater Koekkoek          60     1   2  2  
 2 Jake Walman              Alexander Yelesin        40     1   2  2  

Penalty Kill - 3 Players Forward 
   Forward                                           Time % Phy DF OF 
 1 Joe Labate                                        60     1   2  2  
 2 Rhett Gardner                                     40     1   2  2  

Penalty Kill - 3 Players Defense
   Defense                  Defense                  Time % Phy DF OF 
 1 Oliver Kylington         Slater Koekkoek          60     1   2  2  
 2 Jake Walman              Alexander Yelesin        40     1   2  2  

4 vs 4 Forward 
   Center                   Wing                     Time % Phy DF OF 
 1 Joe Labate               Ben Thomson              60     1   2  2  
 2 Rhett Gardner            Tyrell Goulbourne        40     1   2  2  

4 vs 4 Defense
   Defense                  Defense                  Time % Phy DF OF 
 1 Oliver Kylington         Slater Koekkoek          60     1   2  2  
 2 Jake Walman              Alexander Yelesin        40     1   2  2  

Last Minutes Offensive
   Center                   Left Wing                Right Wing               Defense                  Defense                  
   Joe Labate               Ben Thomson              Austin Watson            Oliver Kylington         Slater Koekkoek          

Last Minutes Defensive
   Center                   Left Wing                Right Wing               Defense                  Defense                  
   Joe Labate               Ben Thomson              Austin Watson            Oliver Kylington         Slater Koekkoek          

Goaltenders
Starting : Kaapo Kahkonen           
Backup : Chris Driedger           

Extra Forwards
Normal : Ross Colton, Tyrell Goulbourne, Filip Zadina - PP : Ross Colton, Tyrell Goulbourne - PK : Ross Colton
Extra Defensemen
Normal : Alexander Yelesin, Jakub Galvas, Casey Staum - PP : Alexander Yelesin - PK : Alexander Yelesin, Jakub Galvas
Penalty Shots
Austin Watson, Joe Labate, Ben Thomson, Rhett Gardner, Ross Colton
Custom OT Lines Forwards
Austin Watson, Joe Labate, Ben Thomson, Rhett Gardner, Ross Colton, Tyrell Goulbourne, Filip Zadina, Kirill Marchenko, Connor Dewar, Noah Cates
Custom OT Lines Defensemen
Oliver Kylington, Slater Koekkoek, Jake Walman, Alexander Yelesin, Jakub Galvas

Scratches
Philip Tomasino (Healthy), Radovan Bondra (Healthy), Steven Spinner (Healthy), Cole Koepke (Healthy), Marcus Davidsson (Healthy)
Ville Heinola (Healthy), Ronnie Attard (Healthy), Pavel Koltygin (Healthy), Frederik Dichow (Healthy)

Eagles

5 vs 5 Forward 
   Center                   Left Wing                Right Wing               Time % Phy DF OF 
 1 Michael McLeod           Michael Carcone          Gabriel Vilardi          35     1   2  2  
 2 Jack Hughes              Tyler Motte              Matteson Iacopelli       34     1   2  2  
 3 Sam Steel                Pius Suter               Matthew Phillips         21     1   2  2  
 4 Zach Aston-Reese         Elmer Soderblom          Brett Leason             10     1   2  2  

5 vs 5 Defense 
   Defense                  Defense                                           Time % Phy DF OF 
 1 Connor Carrick           Keaton Middleton                                  33     1   2  2  
 2 Jack Dougherty           Mattias Samuelsson                                32     1   2  2  
 3 Kevin Bahl               Jonathan Racine                                   30     1   3  1  
 4 Mattias Samuelsson       Keaton Middleton                                  5      1   2  2  

PowerPlay Forward 
   Center                   Left Wing                Right Wing               Time % Phy DF OF 
 1 Michael McLeod           Michael Carcone          Gabriel Vilardi          50     1   1  3  
 2 Jack Hughes              Pius Suter               Matthew Phillips         50     1   1  3  

PowerPlay Defense
   Defense                  Defense                                           Time % Phy DF OF 
 1 Jack Dougherty           Keaton Middleton                                  50     1   1  3  
 2 Jonathan Racine          Mattias Samuelsson                                50     1   1  3  

Penalty Kill 4 Players Forward 
   Center                   Wing                     Time % Phy DF OF 
 1 Michael McLeod           Tyler Motte              65     1   3  1  
 2 Sam Steel                Gabriel Vilardi          35     1   3  1  

Penalty Kill 4 Players Defense
   Defense                  Defense                  Time % Phy DF OF 
 1 Connor Carrick           Keaton Middleton         65     1   3  1  
 2 Mattias Samuelsson       Jack Dougherty           35     1   1  3  

Penalty Kill - 3 Players Forward 
   Forward                                           Time % Phy DF OF 
 1 Michael McLeod                                    65     1   4  0  
 2 Tyler Motte                                       35     1   4  0  

Penalty Kill - 3 Players Defense
   Defense                  Defense                  Time % Phy DF OF 
 1 Connor Carrick           Keaton Middleton         70     1   4  0  
 2 Mattias Samuelsson       Jack Dougherty           30     1   4  0  

4 vs 4 Forward 
   Center                   Wing                     Time % Phy DF OF 
 1 Michael McLeod           Michael Carcone          50     1   2  2  
 2 Jack Hughes              Gabriel Vilardi          50     1   2  2  

4 vs 4 Defense
   Defense                  Defense                  Time % Phy DF OF 
 1 Connor Carrick           Jack Dougherty           50     1   2  2  
 2 Keaton Middleton         Jonathan Racine          50     1   2  2  

Last Minutes Offensive
   Center                   Left Wing                Right Wing               Defense                  Defense                  
   Jack Hughes              Michael Carcone          Gabriel Vilardi          Keaton Middleton         Jack Dougherty           

Last Minutes Defensive
   Center                   Left Wing                Right Wing               Defense                  Defense                  
   Michael McLeod           Tyler Motte              Gabriel Vilardi          Connor Carrick           Keaton Middleton         

Goaltenders
Starting : Adin Hill                
Backup : Daniel Altshuller        

Extra Forwards
Normal : Zach Aston-Reese, Brett Leason, Elmer Soderblom - PP : Zach Aston-Reese, Brett Leason - PK : Michael Carcone
Extra Defensemen
Normal : Kevin Bahl, Jonathan Racine, Mattias Samuelsson - PP : Connor Carrick - PK : Jonathan Racine, Kevin Bahl
Penalty Shots
Jack Hughes, Gabriel Vilardi, Michael McLeod, Pius Suter, Brett Leason
Custom OT Lines Forwards
Michael McLeod, Michael Carcone, Zach Aston-Reese, Tyler Motte, Sam Steel, Jack Hughes, Matteson Iacopelli, Pius Suter, Elmer Soderblom, Brett Leason
Custom OT Lines Defensemen
Connor Carrick, Jack Dougherty, Keaton Middleton, Jonathan Racine, Mattias Samuelsson

Scratches
Chris Calhan (Healthy), Dominik Kubalik (Healthy), Mark Friedman (Healthy), Tyler Tucker (Healthy), Michael Dal Colle (Healthy)
Xavier Ouellet (Healthy), Alexander Nylander (Healthy), Max Lajoie (Healthy), Pascal Laberge (Healthy), Marian Studenic (Healthy)
Ilya Nikolaev (Healthy), Santeri Hatakka (Healthy), Jacob Leguerrier (Healthy), Zachary Emond (Healthy), Linus Ullmark (Healthy)
Hugo Alnefelt (Healthy)

% Time on Ice - Islander

Lines # - Real PCT - Wanted PCT - Time Play
Normal Forward
1 - 35% - 40% - 15:19
2 - 27% - 30% - 11:50
3 - 22% - 20% - 9:31
4 - 17% - 10% - 7:35
Normal Defense
1 - 41% - 40% - 18:10
2 - 34% - 30% - 15:14
3 - 23% - 20% - 10:15
4 - 1% - 10% - 0:36
PP Forward
1 - 54% - 60% - 1:08
2 - 46% - 40% - 0:59
PP Defense
1 - 61% - 60% - 1:18
2 - 39% - 40% - 0:49
PK Forward
1 - 71% - 60% - 8:48
2 - 29% - 40% - 3:36
PK Defense
1 - 61% - 60% - 7:33
2 - 39% - 40% - 4:51
PK3 Forward
1 - 0% - 60%
2 - 0% - 40%
PK3 Defense
1 - 0% - 60%
2 - 0% - 40%
44 Forward
1 - 0% - 60%
2 - 0% - 40%
44 Defense
1 - 0% - 60%
2 - 0% - 40%
Last Minute Offensive  - 1:14
Last Minute Defensive  - 0:00
Total
Forward - 60:00
Defense - 60:00

% Time on Ice - Eagles

Lines # - Real PCT - Wanted PCT - Time Play
Normal Forward
1 - 29% - 35% - 12:44
2 - 29% - 34% - 12:58
3 - 24% - 21% - 10:28
4 - 18% - 10% - 8:06
Normal Defense
1 - 35% - 33% - 15:34
2 - 33% - 32% - 14:49
3 - 31% - 30% - 13:53
4 - 0% - 5% - 0:00
PP Forward
1 - 51% - 50% - 6:18
2 - 49% - 50% - 6:06
PP Defense
1 - 48% - 50% - 6:00
2 - 52% - 50% - 6:24
PK Forward
1 - 94% - 65% - 1:59
2 - 6% - 35% - 0:08
PK Defense
1 - 59% - 65% - 1:15
2 - 41% - 35% - 0:52
PK3 Forward
1 - 0% - 65%
2 - 0% - 35%
PK3 Defense
1 - 0% - 70%
2 - 0% - 30%
44 Forward
1 - 0% - 50%
2 - 0% - 50%
44 Defense
1 - 0% - 50%
2 - 0% - 50%
Last Minute Offensive  - 0:00
Last Minute Defensive  - 1:13
Total
Forward - 60:00
Defense - 60:00

Play-by-Play

1st period


0:01 of 1st period - Michael McLeod wins face-off versus Joe Labate in neutral zone.
0:16 of 1st period - Snap shot by Gabriel Vilardi.
0:16 of 1st period - Deflect By Michael McLeod.
0:16 of 1st period - Stopped by Kaapo Kahkonen with a rebound.
0:22 of 1st period - Minor Penalty to Joe Labate for Holding.
0:23 of 1st period - Ross Colton wins face-off versus Michael McLeod in Islander zone.
0:48 of 1st period - Matthew Phillips is hit by Slater Koekkoek and loses puck.
2:22 of 1st period - Penalty to Joe Labate is over, Joe Labate is back on ice.
2:37 of 1st period - Snap shot by Zach Aston-Reese.
2:37 of 1st period - Shot Misses the Net.
3:20 of 1st period - Jack Hughes is hit by Noah Cates and loses puck.
4:09 of 1st period - Icing by Matthew Phillips.
4:10 of 1st period - Alex Steeves wins face-off versus Sam Steel in Eagles zone.
4:35 of 1st period - Double Minor Penalty to Jaden Lindo for Slashing.
4:36 of 1st period - Michael McLeod wins face-off versus Joe Labate in Islander zone.
4:39 of 1st period - Snap shot by Gabriel Vilardi.
4:39 of 1st period - Deflect By Michael McLeod.
4:39 of 1st period - Stopped by Kaapo Kahkonen with a rebound.
4:41 of 1st period - Wrist shot by Michael McLeod.
4:41 of 1st period - Stopped by Kaapo Kahkonen with a rebound.
4:43 of 1st period - Wrist shot by Gabriel Vilardi.
4:43 of 1st period - Shot Misses the Net.
4:45 of 1st period - Slapshot by Jack Dougherty.
4:45 of 1st period - Stopped by Kaapo Kahkonen without a rebound.
4:46 of 1st period - Joe Labate wins face-off versus Michael McLeod in Islander zone.
4:55 of 1st period - Off-side.
4:56 of 1st period - Jack Hughes wins face-off versus Joe Labate in neutral zone.
5:03 of 1st period - Wrist shot by Jack Hughes.
5:03 of 1st period - Shot Misses the Net.
5:05 of 1st period - Slapshot by Mattias Samuelsson.
5:05 of 1st period - Goal by Mattias Samuelsson - Islander : 0 - Eagles : 1.
5:06 of 1st period - Matthew Phillips wins face-off versus Joe Labate in neutral zone.
5:11 of 1st period - Wrist shot by Jack Hughes.
5:11 of 1st period - Stopped by Kaapo Kahkonen without a rebound.
5:12 of 1st period - Joe Labate wins face-off versus Jack Hughes in Islander zone.
5:33 of 1st period - Jack Hughes is hit by Joe Labate and loses puck.
5:58 of 1st period - Slapshot by Jack Hughes.
5:58 of 1st period - Shot Misses the Net.
6:00 of 1st period - Slapshot by Pius Suter.
6:00 of 1st period - Stopped by Kaapo Kahkonen without a rebound.
6:01 of 1st period - Joe Labate wins face-off versus Michael McLeod in Islander zone.
6:01 of 1st period - Joe Labate is hit by Keaton Middleton.
7:05 of 1st period - Penalty to Jaden Lindo is over, Jaden Lindo is back on ice.
7:16 of 1st period - Rhett Gardner is hit by Connor Carrick and loses puck.
7:48 of 1st period - Wrist shot by Rhett Gardner.
7:48 of 1st period - Shot Misses the Net.
8:00 of 1st period - Snap shot by Rhett Gardner.
8:00 of 1st period - Shot Misses the Net.
8:26 of 1st period - Snap shot by Tyrell Goulbourne.
8:26 of 1st period - Stopped by Adin Hill without a rebound.
8:27 of 1st period - Michael McLeod wins face-off versus Joe Labate in Eagles zone.
8:57 of 1st period - Snap shot by Pius Suter.
8:57 of 1st period - Shot Misses the Net.
8:59 of 1st period - Snap shot by Pius Suter.
8:59 of 1st period - Shot Blocked by Jakub Galvas.
9:01 of 1st period - Wrist shot by Matthew Phillips.
9:01 of 1st period - Shot Blocked by Connor Dewar.
9:03 of 1st period - Slapshot by Sam Steel.
9:03 of 1st period - Goal by Sam Steel - Islander : 0 - Eagles : 2.
9:04 of 1st period - Michael McLeod wins face-off versus Joe Labate in neutral zone.
9:07 of 1st period - Wrist shot by Gabriel Vilardi.
9:07 of 1st period - Stopped by Kaapo Kahkonen with a rebound.
9:15 of 1st period - Oliver Kylington is hit by Gabriel Vilardi and loses puck.
9:30 of 1st period - Oliver Kylington is hit by Tyler Motte and loses puck.
9:53 of 1st period - Noah Cates is hit by Matthew Phillips and loses puck.
10:00 of 1st period - Snap shot by Pius Suter.
10:00 of 1st period - Stopped by Kaapo Kahkonen with a rebound.
10:02 of 1st period - Slapshot by Matthew Phillips.
10:02 of 1st period - Stopped by Kaapo Kahkonen without a rebound.
10:03 of 1st period - Austin Watson wins face-off versus Michael McLeod in Islander zone.
10:08 of 1st period - Gabriel Vilardi is hit by Oliver Kylington and loses puck.
10:29 of 1st period - Jack Hughes is hit by Oliver Kylington and loses puck.
12:18 of 1st period - Snap shot by Connor Dewar.
12:18 of 1st period - Shot Blocked by Zach Aston-Reese.
12:20 of 1st period - Slapshot by Jakub Galvas.
12:20 of 1st period - Stopped by Adin Hill with a rebound.
12:34 of 1st period - Snap shot by Michael McLeod.
12:34 of 1st period - Shot Misses the Net.
12:42 of 1st period - Gabriel Vilardi is hit by Noah Cates.
13:41 of 1st period - Slapshot by Gabriel Vilardi.
13:41 of 1st period - Shot Blocked by Connor Dewar.
13:43 of 1st period - Snap shot by Michael McLeod.
13:43 of 1st period - Shot Misses the Net.
13:45 of 1st period - Snap shot by Jack Dougherty.
13:45 of 1st period - Shot Blocked by Jake Walman.
14:16 of 1st period - Jonathan Racine is hit by Alexander Yelesin and loses puck.
14:29 of 1st period - Minor Penalty to Elmer Soderblom for Cross-checking.
14:30 of 1st period - Joe Labate wins face-off versus Michael McLeod in Eagles zone.
16:29 of 1st period - Penalty to Elmer Soderblom is over, Elmer Soderblom is back on ice.
16:37 of 1st period - Wrist shot by Tyler Motte.
16:37 of 1st period - Shot Misses the Net.
16:39 of 1st period - Wrist shot by Tyler Motte.
16:39 of 1st period - Stopped by Kaapo Kahkonen with a rebound.
16:49 of 1st period - Wrist shot by Jack Hughes.
16:49 of 1st period - Deflect By Alexander Yelesin.
16:49 of 1st period - Shot Misses the Net.
16:49 of 1st period - Puck is out of play.
16:50 of 1st period - Sam Steel wins face-off versus Alex Steeves in Islander zone.
17:23 of 1st period - Wrist shot by Zach Aston-Reese.
17:23 of 1st period - Stopped by Kaapo Kahkonen without a rebound.
17:24 of 1st period - Joe Labate wins face-off versus Zach Aston-Reese in Islander zone.
18:13 of 1st period - Slater Koekkoek is hit by Matteson Iacopelli and loses puck.
19:16 of 1st period - Snap shot by Noah Cates.
19:16 of 1st period - Stopped by Adin Hill with a rebound.
19:21 of 1st period - Off-side.
19:22 of 1st period - Connor Dewar wins face-off versus Jack Hughes in neutral zone.
19:25 of 1st period - Slapshot by Slater Koekkoek.
19:25 of 1st period - Shot Blocked by Connor Carrick.
19:47 of 1st period - Wrist shot by Michael McLeod.
19:47 of 1st period - Deflect By Gabriel Vilardi.
19:47 of 1st period - Goal by Gabriel Vilardi - Islander : 0 - Eagles : 3.
19:48 of 1st period - Joe Labate wins face-off versus Jack Hughes in neutral zone.
Goals for this period are 0 for Islander vs 3 for Eagles.
Shots for this period are 3 for Islander vs 14 for Eagles.

2nd period


0:01 of 2nd period - Joe Labate wins face-off versus Michael McLeod in neutral zone.
0:04 of 2nd period - Wrist shot by Oliver Kylington.
0:04 of 2nd period - Stopped by Adin Hill with a rebound.
0:20 of 2nd period - Michael McLeod is hit by Ben Thomson and loses puck.
0:38 of 2nd period - Off-side.
0:39 of 2nd period - Jack Hughes wins face-off versus Rhett Gardner in neutral zone.
1:23 of 2nd period - Snap shot by Tyler Motte.
1:23 of 2nd period - Stopped by Kaapo Kahkonen without a rebound.
1:24 of 2nd period - Joe Labate wins face-off versus Michael McLeod in Islander zone.
1:45 of 2nd period - Slater Koekkoek is hit by Connor Carrick and loses puck.
1:58 of 2nd period - Snap shot by Tyrell Goulbourne.
1:58 of 2nd period - Stopped by Adin Hill without a rebound.
1:59 of 2nd period - Rhett Gardner wins face-off versus Sam Steel in Eagles zone.
2:08 of 2nd period - Jake Walman is hit by Matthew Phillips and loses puck.
2:13 of 2nd period - Wrist shot by Sam Steel.
2:13 of 2nd period - Stopped by Kaapo Kahkonen with a rebound.
3:07 of 2nd period - Slapshot by Ross Colton.
3:07 of 2nd period - Stopped by Adin Hill with a rebound.
3:59 of 2nd period - Snap shot by Jack Hughes.
3:59 of 2nd period - Shot Misses the Net.
4:01 of 2nd period - Snap shot by Matteson Iacopelli.
4:01 of 2nd period - Stopped by Kaapo Kahkonen with a rebound.
4:13 of 2nd period - Slapshot by Oliver Kylington.
4:13 of 2nd period - Stopped by Adin Hill with a rebound.
4:15 of 2nd period - Slapshot by Slater Koekkoek.
4:15 of 2nd period - Deflect By Ben Thomson.
4:15 of 2nd period - Shot Blocked by Jack Dougherty.
4:15 of 2nd period - Puck is out of play.
4:16 of 2nd period - Michael Carcone wins face-off versus Joe Labate in Eagles zone.
5:04 of 2nd period - Wrist shot by Filip Zadina.
5:04 of 2nd period - Shot Misses the Net.
5:06 of 2nd period - Slapshot by Casey Staum.
5:06 of 2nd period - Shot Misses the Net.
5:08 of 2nd period - Slapshot by Jakub Galvas.
5:08 of 2nd period - Stopped by Adin Hill without a rebound.
5:09 of 2nd period - Michael McLeod wins face-off versus Joe Labate in Eagles zone.
6:32 of 2nd period - Icing by Zach Aston-Reese.
6:33 of 2nd period - Zach Aston-Reese wins face-off versus Joe Labate in Eagles zone.
6:54 of 2nd period - Slapshot by Zach Aston-Reese.
6:54 of 2nd period - Shot Misses the Net.
6:56 of 2nd period - Wrist shot by Connor Carrick.
6:56 of 2nd period - Deflect By Zach Aston-Reese.
6:56 of 2nd period - Goal by Zach Aston-Reese - Islander : 0 - Eagles : 4.
6:56 of 2nd period - Chris Driedger enters game.
6:57 of 2nd period - Michael McLeod wins face-off versus Joe Labate in neutral zone.
7:09 of 2nd period - Snap shot by Ben Thomson.
7:09 of 2nd period - Shot Hit the Post.
7:11 of 2nd period - Wrist shot by Ben Thomson.
7:11 of 2nd period - Shot Misses the Net.
7:23 of 2nd period - Tyrell Goulbourne is hit by Tyler Motte and loses puck.
7:30 of 2nd period - Snap shot by Jack Hughes.
7:30 of 2nd period - Shot Misses the Net.
7:32 of 2nd period - Slapshot by Jonathan Racine.
7:32 of 2nd period - Deflect By Jack Hughes.
7:32 of 2nd period - Stopped by Chris Driedger without a rebound.
7:33 of 2nd period - Joe Labate wins face-off versus Michael McLeod in Islander zone.
7:40 of 2nd period - Michael McLeod is hit by Alexander Yelesin and loses puck.
7:59 of 2nd period - Snap shot by Sam Steel.
7:59 of 2nd period - Shot Blocked by Alexander Yelesin.
8:07 of 2nd period - Snap shot by Ross Colton.
8:07 of 2nd period - Shot Misses the Net.
8:47 of 2nd period - Wrist shot by Zach Aston-Reese.
8:47 of 2nd period - Shot Misses the Net.
8:49 of 2nd period - Wrist shot by Elmer Soderblom.
8:49 of 2nd period - Shot Blocked by Oliver Kylington.
8:59 of 2nd period - Minor Penalty to Oliver Kylington for Goalie Interference.
9:00 of 2nd period - Joe Labate wins face-off versus Michael McLeod in Islander zone.
9:13 of 2nd period - Wrist shot by Joe Labate.
9:13 of 2nd period - Shot Misses the Net.
10:24 of 2nd period - Icing by Pius Suter.
10:25 of 2nd period - Jack Hughes wins face-off versus Ben Thomson in Eagles zone.
10:59 of 2nd period - Penalty to Oliver Kylington is over, Oliver Kylington is back on ice.
11:14 of 2nd period - Backhand shot by Filip Zadina.
11:14 of 2nd period - Shot Misses the Net.
11:33 of 2nd period - Icing by Jake Walman.
11:34 of 2nd period - Jack Hughes wins face-off versus Alex Steeves in Islander zone.
12:17 of 2nd period - Snap shot by Austin Watson.
12:17 of 2nd period - Shot Blocked by Mattias Samuelsson.
12:19 of 2nd period - Snap shot by Jake Walman.
12:19 of 2nd period - Stopped by Adin Hill without a rebound.
12:20 of 2nd period - Michael McLeod wins face-off versus Joe Labate in Eagles zone.
12:47 of 2nd period - Slater Koekkoek is hit by Tyler Motte and loses puck.
13:08 of 2nd period - Snap shot by Kirill Marchenko.
13:08 of 2nd period - Stopped by Adin Hill with a rebound.
13:10 of 2nd period - Snap shot by Connor Dewar.
13:10 of 2nd period - Shot Misses the Net.
14:17 of 2nd period - Mattias Samuelsson is hit by Ben Thomson and loses puck.
14:38 of 2nd period - Backhand shot by Sam Steel.
14:38 of 2nd period - Shot Blocked by Slater Koekkoek.
14:40 of 2nd period - Slapshot by Jack Dougherty.
14:40 of 2nd period - Deflect By Matthew Phillips.
14:40 of 2nd period - Stopped by Chris Driedger without a rebound.
14:41 of 2nd period - Joe Labate wins face-off versus Gabriel Vilardi in Islander zone.
14:48 of 2nd period - Snap shot by Joe Labate.
14:48 of 2nd period - Shot Misses the Net.
14:54 of 2nd period - Slapshot by Oliver Kylington.
14:54 of 2nd period - Deflect By Austin Watson.
14:54 of 2nd period - Shot Blocked by Jonathan Racine.
14:54 of 2nd period - Puck is out of play.
14:55 of 2nd period - Jack Hughes wins face-off versus Ben Thomson in Eagles zone.
15:21 of 2nd period - Slater Koekkoek is hit by Matthew Phillips and loses puck.
15:28 of 2nd period - Slapshot by Pius Suter.
15:28 of 2nd period - Stopped by Chris Driedger without a rebound.
15:28 of 2nd period - Minor Penalty to Chris Driedger for Delaying the game.
15:29 of 2nd period - Ross Colton wins face-off versus Michael McLeod in Islander zone.
15:29 of 2nd period - Ross Colton is hit by Michael McLeod.
16:01 of 2nd period - Snap shot by Matthew Phillips.
16:01 of 2nd period - Shot Misses the Net.
16:03 of 2nd period - Slapshot by Jonathan Racine.
16:03 of 2nd period - Stopped by Chris Driedger without a rebound.
16:04 of 2nd period - Ross Colton wins face-off versus Jack Hughes in Islander zone.
17:28 of 2nd period - Penalty to Joe Labate is over, Joe Labate is back on ice.
Goals for this period are 0 for Islander vs 1 for Eagles.
Shots for this period are 7 for Islander vs 8 for Eagles.

3rd period


0:01 of 3rd period - Ben Thomson wins face-off versus Michael McLeod in neutral zone.
0:11 of 3rd period - Snap shot by Jack Dougherty.
0:11 of 3rd period - Shot Blocked by Slater Koekkoek.
0:13 of 3rd period - Slapshot by Mattias Samuelsson.
0:13 of 3rd period - Stopped by Chris Driedger with a rebound.
0:15 of 3rd period - Wrist shot by Gabriel Vilardi.
0:15 of 3rd period - Shot Misses the Net.
1:41 of 3rd period - Snap shot by Jack Hughes.
1:41 of 3rd period - Shot Misses the Net.
1:57 of 3rd period - Slapshot by Alexander Yelesin.
1:57 of 3rd period - Stopped by Adin Hill with a rebound.
2:11 of 3rd period - Connor Dewar is hit by Jonathan Racine and loses puck.
2:22 of 3rd period - Connor Dewar is hit by Elmer Soderblom and loses puck.
3:32 of 3rd period - Pius Suter is hit by Slater Koekkoek and loses puck.
3:43 of 3rd period - Wrist shot by Tyrell Goulbourne.
3:43 of 3rd period - Shot Blocked by Jack Dougherty.
4:03 of 3rd period - Snap shot by Tyrell Goulbourne.
4:03 of 3rd period - Deflect By Ross Colton.
4:03 of 3rd period - Shot Misses the Net.
4:03 of 3rd period - Puck is out of play.
4:04 of 3rd period - Michael McLeod wins face-off versus Joe Labate in Eagles zone.
4:20 of 3rd period - Gabriel Vilardi is hit by Ben Thomson and loses puck.
4:33 of 3rd period - Oliver Kylington is hit by Matteson Iacopelli and loses puck.
5:07 of 3rd period - Snap shot by Ben Thomson.
5:07 of 3rd period - Deflect By Joe Labate.
5:07 of 3rd period - Goal by Joe Labate - Islander : 1 - Eagles : 4.
5:08 of 3rd period - Michael McLeod wins face-off versus Connor Dewar in neutral zone.
5:26 of 3rd period - Kirill Marchenko is hit by Mattias Samuelsson and loses puck.
5:58 of 3rd period - Wrist shot by Alex Steeves.
5:58 of 3rd period - Shot Misses the Net.
6:00 of 3rd period - Wrist shot by Jakub Galvas.
6:00 of 3rd period - Stopped by Adin Hill with a rebound.
6:02 of 3rd period - Slapshot by Jakub Galvas.
6:02 of 3rd period - Deflect By Noah Cates.
6:02 of 3rd period - Stopped by Adin Hill with a rebound.
6:04 of 3rd period - Wrist shot by Alex Steeves.
6:04 of 3rd period - Stopped by Adin Hill without a rebound.
6:05 of 3rd period - Joe Labate wins face-off versus Michael McLeod in Eagles zone.
6:06 of 3rd period - Slapshot by Oliver Kylington.
6:06 of 3rd period - Deflect By Austin Watson.
6:06 of 3rd period - Stopped by Adin Hill with a rebound.
6:08 of 3rd period - Slapshot by Slater Koekkoek.
6:08 of 3rd period - Stopped by Adin Hill with a rebound.
6:10 of 3rd period - Backhand shot by Slater Koekkoek.
6:10 of 3rd period - Shot Misses the Net.
6:12 of 3rd period - Snap shot by Austin Watson.
6:12 of 3rd period - Goal by Austin Watson - Islander : 2 - Eagles : 4.
6:13 of 3rd period - Ben Thomson wins face-off versus Michael McLeod in neutral zone.
6:59 of 3rd period - Slapshot by Noah Cates.
6:59 of 3rd period - Shot Blocked by Jack Hughes.
7:07 of 3rd period - Snap shot by Jack Hughes.
7:07 of 3rd period - Stopped by Chris Driedger with a rebound.
7:13 of 3rd period - Slapshot by Jack Hughes.
7:13 of 3rd period - Shot Misses the Net.
7:15 of 3rd period - Snap shot by Jack Hughes.
7:15 of 3rd period - Stopped by Chris Driedger without a rebound.
7:16 of 3rd period - Michael McLeod wins face-off versus Austin Watson in Islander zone.
7:20 of 3rd period - Minor Penalty to Oliver Kylington for Tripping.
7:21 of 3rd period - Michael Carcone wins face-off versus Joe Labate in Islander zone.
7:33 of 3rd period - Wrist shot by Michael McLeod.
7:33 of 3rd period - Stopped by Chris Driedger with a rebound.
8:37 of 3rd period - Gabriel Vilardi is hit by Noah Cates and loses puck.
8:44 of 3rd period - Jake Walman is hit by Michael McLeod and loses puck.
9:05 of 3rd period - Keaton Middleton is hit by Jakub Galvas.
9:20 of 3rd period - Penalty to Oliver Kylington is over, Oliver Kylington is back on ice.
9:27 of 3rd period - Snap shot by Joe Labate.
9:27 of 3rd period - Shot Blocked by Jonathan Racine.
9:29 of 3rd period - Snap shot by Ben Thomson.
9:29 of 3rd period - Shot Blocked by Jonathan Racine.
9:35 of 3rd period - Wrist shot by Oliver Kylington.
9:35 of 3rd period - Deflect By Joe Labate.
9:35 of 3rd period - Shot Misses the Net.
9:35 of 3rd period - Puck is out of play.
9:36 of 3rd period - Jack Hughes wins face-off versus Tyrell Goulbourne in Eagles zone.
9:49 of 3rd period - Snap shot by Rhett Gardner.
9:49 of 3rd period - Stopped by Adin Hill without a rebound.
9:50 of 3rd period - Michael McLeod wins face-off versus Rhett Gardner in Eagles zone.
10:01 of 3rd period - Wrist shot by Gabriel Vilardi.
10:01 of 3rd period - Shot Misses the Net.
10:03 of 3rd period - Slapshot by Mattias Samuelsson.
10:03 of 3rd period - Shot Misses the Net.
10:05 of 3rd period - Snap shot by Gabriel Vilardi.
10:05 of 3rd period - Shot Misses the Net.
10:15 of 3rd period - Snap shot by Connor Dewar.
10:15 of 3rd period - Stopped by Adin Hill without a rebound.
10:16 of 3rd period - Connor Dewar wins face-off versus Sam Steel in Eagles zone.
10:32 of 3rd period - Minor Penalty to Kirill Marchenko for Holding.
10:33 of 3rd period - Jack Hughes wins face-off versus Joe Labate in Islander zone.
11:37 of 3rd period - Tyrell Goulbourne is hit by Keaton Middleton and loses puck.
11:54 of 3rd period - Joe Labate is hit by Jack Hughes and loses puck.
12:32 of 3rd period - Penalty to Kirill Marchenko is over, Kirill Marchenko is back on ice.
12:59 of 3rd period - Ross Colton is hit by Matteson Iacopelli and loses puck.
14:00 of 3rd period - Casey Staum is hit by Michael Carcone.
14:12 of 3rd period - Zach Aston-Reese is hit by Joe Labate.
15:40 of 3rd period - Michael McLeod is hit by Jakub Galvas and loses puck.
15:59 of 3rd period - Minor Penalty to Tyler Motte for Tripping.
16:00 of 3rd period - Ben Thomson wins face-off versus Michael McLeod in Eagles zone.
16:05 of 3rd period - Wrist shot by Ben Thomson.
16:05 of 3rd period - Shot Misses the Net.
16:07 of 3rd period - Slapshot by Jake Walman.
16:07 of 3rd period - Deflect By Ben Thomson.
16:07 of 3rd period - Goal by Ben Thomson - Islander : 3 - Eagles : 4.
16:08 of 3rd period - Connor Dewar wins face-off versus Sam Steel in neutral zone.
16:11 of 3rd period - Slapshot by Oliver Kylington.
16:11 of 3rd period - Shot Blocked by Jack Dougherty.
16:35 of 3rd period - Austin Watson is hit by Jack Dougherty and loses puck.
16:41 of 3rd period - Icing by Slater Koekkoek.
16:42 of 3rd period - Sam Steel wins face-off versus Joe Labate in Islander zone.
17:12 of 3rd period - Snap shot by Alexander Yelesin.
17:12 of 3rd period - Stopped by Adin Hill without a rebound.
17:13 of 3rd period - Connor Dewar wins face-off versus Michael McLeod in Eagles zone.
17:14 of 3rd period - Slapshot by Filip Zadina.
17:14 of 3rd period - Shot Misses the Net.
17:18 of 3rd period - Snap shot by Filip Zadina.
17:18 of 3rd period - Shot Misses the Net.
17:40 of 3rd period - Tyrell Goulbourne is hit by Matthew Phillips and loses puck.
18:09 of 3rd period - Austin Watson is hit by Tyler Motte and loses puck.
18:16 of 3rd period - Slater Koekkoek is hit by Matteson Iacopelli and loses puck.
18:31 of 3rd period - Slapshot by Oliver Kylington.
18:31 of 3rd period - Shot Misses the Net.
18:39 of 3rd period - Wrist shot by Michael Carcone.
18:39 of 3rd period - Shot Blocked by Joe Labate.
19:02 of 3rd period - Snap shot by Michael McLeod.
19:02 of 3rd period - Shot Blocked by Tyrell Goulbourne.
19:04 of 3rd period - Slapshot by Keaton Middleton.
19:04 of 3rd period - Stopped by Chris Driedger without a rebound.
19:05 of 3rd period - André Tourigny call a timeout for Islander.
19:05 of 3rd period - Ross Colton wins face-off versus Michael McLeod in Islander zone.
19:10 of 3rd period - Islander, Chris Driedger is pulled from the net.
19:14 of 3rd period - Wrist shot by Ross Colton.
19:14 of 3rd period - Stopped by Adin Hill with a rebound.
19:22 of 3rd period - Ross Colton is hit by Gabriel Vilardi.
19:26 of 3rd period - Wrist shot by Filip Zadina.
19:26 of 3rd period - Stopped by Adin Hill without a rebound.
19:27 of 3rd period - Michael McLeod wins face-off versus Ross Colton in Eagles zone.
19:29 of 3rd period - Icing by Connor Carrick.
19:30 of 3rd period - Ross Colton wins face-off versus Michael McLeod in Eagles zone.
19:41 of 3rd period - Snap shot by Filip Zadina.
19:41 of 3rd period - Deflect By Gabriel Vilardi.
19:41 of 3rd period - Shot Misses the Net.
19:41 of 3rd period - Puck is out of play.
19:42 of 3rd period - Michael McLeod wins face-off versus Tyrell Goulbourne in Eagles zone.
19:59 of 3rd period - Wrist shot by Filip Zadina.
19:59 of 3rd period - Shot Blocked by Tyler Motte.
Goals for this period are 3 for Islander vs 0 for Eagles.
Shots for this period are 14 for Islander vs 5 for Eagles.